 Dungeon Crawl Stone Soup version 0.27-a0-364-g31b3477d74 (webtiles) character file.

Game seed: 8382960521075532373

35 Ge0ff the Sneak (level 3, 0/23 HPs)
             Began as a Tengu Delver on Feb 16, 2021.
             Slain by an adder (2 damage)
             ... in the Ecumenical Temple.
             The game lasted 00:03:03 (528 turns).

Ge0ff the Sneak (Tengu Delver)                       Turns: 528, Time: 00:03:03

Health: 0/23       AC:  3    Str: 12    XL:     3   Next: 33%
Magic:  4/4        EV: 12    Int: 10    God:
Gold:   0          SH:  0    Dex: 16    Spells: 2/2 levels left

rFire    . . .     SeeInvis .   a - +0 short sword
rCold    . . .     Faith    .   (no shield)
rNeg     . . .     Spirit   .   b - +0 leather armour
rPois    .         Reflect  .   (helmet restricted)
rElec    .         Harm     .   (no cloak)
rCorr    .         Rampage  .   (no gloves)
Will     .....                  (boots unavailable)
Stlth    +++.......             (no amulet)
HPRegen  0.07/turn              (no ring)
MPRegen  0.09/turn              (no ring)

@: lethally poisoned (0 -> -8)
A: beak, talons 3
a: no special abilities


You were in the Ecumenical Temple.
You visited 2 branches of the dungeon, and saw 4 of its levels.

Inventory:

Hand Weapons
 a - a +0 short sword (weapon)
Missiles
 I - a stone (quivered)
Armour
 b - a +0 leather armour (worn)
 J - a +0 pair of gloves
 K - a +0 scale mail
Wands
 d - a wand of digging (3)
Scrolls
 i - 2 scrolls of identify
 F - a scroll of fog


   Skills:
 - Level 3.0 Fighting
 + Level 4.0 Short Blades
 - Level 2.1 Dodging
 - Level 5.0 Stealth


You had 2 spell levels left.
You didn't know any spells.
Your spell library was empty.

Dungeon Overview and Level Annotations

Branches:
Dungeon (7/15)             Temple (1/1) D:6

Altars:
Ashenzari
Cheibriados
Dithmenos
Elyvilon
Gozag
Makhleb
Nemelex Xobeh
Okawaru
Qazlal
Ru
Sif Muna
Trog
Uskayaw
Vehumet
Wu Jian
Xom
Yredelemnul
Zin

Shops:
D:5 (

Annotations:
D:6 Blork the orc


Innate Abilities, Weirdness & Mutations

You have a beak for a mouth.
You have claws for feet.


Message History

An adder comes into view.
Found a staircase to the Ecumenical Temple.
Found a leatherbound book.
You see here a scale mail.
K - a scale mail A howler monkey comes into view.
The howler monkey howls!
The adder hisses angrily.
The adder bites you.
A bullfrog zombie comes into view.
The adder barely misses you.
The howler monkey hoots and howls with incredible vigour!
You hear a shout! x3; You hear an angry hiss.
The adder closely misses you. The howler monkey misses you.
There is a staircase to the Ecumenical Temple here.
The adder bites you.
You are poisoned.
The adder poisons you! The howler monkey barely misses you.
You climb downwards.
Welcome to the Ecumenical Temple!
You feel sick.
Found eighteen altars.
There is a staircase back to the Dungeon here.
You aren't carrying any potions.
Okay, then.
You miss the adder. Your kick misses the adder. The adder bites you.
The howler monkey barely misses you.
You hit the adder but do no damage. Your peck misses the adder.
You feel sick. The adder bites you.
You are more poisoned.
The adder poisons you! The howler monkey hits you.
You closely miss the adder. You claw the adder.
The adder is lightly wounded.
The adder barely misses you. The howler monkey hits you.
* * * LOW HITPOINT WARNING * * *
The adder barely misses you.
You hit the adder but do no damage. You claw the adder!
The adder is severely wounded.
* * * LOW HITPOINT WARNING * * *
You feel sick. The howler monkey hits you.
* * * LOW HITPOINT WARNING * * *
The adder bites you.
You die...

#########
##._._._.##
##_......._##
##...........##
#_..≈.≈.≈.≈.._#
#....≈≈.≈≈....#
#_..≈≈S..≈≈.._#
#......@h.....#
#_..≈≈...≈≈.._#
#....≈≈.≈≈....#
#_..≈.≈.≈.≈.._#
##...........##
##_......._##
##._._._.##
#########


You could see a howler monkey and an adder.

Vanquished Creatures
  A bullfrog skeleton (D:6)
  A leopard gecko (D:6)
  An orc (D:5)
  A giant cockroach (D:5)
  A frilled lizard (D:5)
5 creatures vanquished.

Notes
Turn   | Place    | Note
-------+----------+-------------------------------------------
     0 | D:5      | Ge0ff the Tengu Delver began the quest for the Orb.
     0 | D:5      | Reached XP level 1. HP: 14/14 MP: 2/2
     6 | D:6      | Noticed a worker ant
    47 | D:5      | Noticed an ogre
   105 | D:5      | Found Guto's Weapon Shop.
   356 | D:6      | Noticed Blork the orc
   394 | D:6      | Reached XP level 2. HP: 17/19 MP: 3/3
   394 | D:6      | Reached XP level 3. HP: 21/23 MP: 4/4
   486 | D:7      | Noticed an orc warrior
   514 | D:6      | Found a staircase to the Ecumenical Temple.
   524 | Temple   | Entered the Ecumenical Temple
   528 | Temple   | Slain by an adder

Illustrated notes

Levels and vault maps discovered:
D:5:      layout_loops_ring, serial_shops, nicolae_shop_stone
D:6:      wad_river_or_something, layout_loops_ring,
          minmay_temple_entry_offerings, uniq_blork_the_orc
D:7:      layout_cave_pods, lemuel_zombie_altar_kikubaaqudgha, basic_altar,
          uniq_harold
Temple:   nicolae_temple_no_exploring_needed

Skill      XL: |  1 |
---------------+----+-----
Short Blades   | 4 |  4.0
Fighting       | |  3.0
Dodging        | |  2.1
Stealth        | |  5.0

Action                   || total
-------------------------++-------
Melee: Short sword       ||    22
       Peck              ||     5
       Kick              ||     6
Throw: Stone             ||     3
  Use: Scroll            ||     3
       Potion            ||     1
Armor: Leather armour    ||     2
Dodge: Dodged            ||    16

Table legend: (Time is in decaauts)
 A = Elapsed time spent in this place.
 B = Non-inter-level travel time spent in this place.
 C = Inter-level travel time spent in this place.
 D = Time resting spent in this place.
 E = Time spent auto-exploring this place.
 F = Levels seen in this place.
 G = Mean time per level.
                   A        B        C        D        E       F      G
               +--------+--------+--------+--------+--------+-----+--------+
         Total |    509 |    509 |      0 |    217 |      0 |   4 |  127.2 |
       Dungeon |    505 |    505 |      0 |    217 |      0 |   3 |  168.3 |
        Temple |      3 |      3 |      0 |      0 |      0 |   1 |    3.0 |
               +--------+--------+--------+--------+--------+-----+--------+

Top non-repeatable levels by time:
     D:6: 359 daAuts
     D:5: 115 daAuts
     D:7: 30 daAuts
  Temple: 3 daAuts
